 Dungeon Crawl Stone Soup version 0.19-a0-1326-gee3fcf6 (webtiles) character file.

29 Lasiace the Changer (level 3, -1/24 HPs)
             Began as an Octopode Transmuter on Aug 31, 2016.
             Succumbed to an adder's poison
             ... on level 2 of the Dungeon.
             The game lasted 00:01:48 (1053 turns).

Lasiace the Changer (Octopode Transmuter)           Turns: 1053, Time: 00:01:48

Health: -1/24      AC:  1    Str:  7 (9)  XL:     3   Next: 16%
Magic:  5/6        EV: 18    Int: 13 (15) God:
Gold:   56         SH:  0    Dex: 15 (18) Spells: 3 memorised, 0 levels left

rFire  . . .     SeeInvis .       - Unarmed
rCold  . . .     Gourm    .     (no shield)
rNeg   . . .     Faith    .     (helmet restricted)
rPois  .         Spirit   .     (no amulet)
rElec  .         Dismiss  .     (no ring)
rCorr  .         Reflect  .     (no ring)
MR     .....     Harm     .     (no ring)
Stlth  +++.......               (no ring)
                                (no ring)
                                (no ring)
                                (no ring)
                                (no ring)

@: agile, lethally poisoned (-1 -> -19), appendage
A: almost no armour, stealthy swim, amphibious, 8 rings, constrict 8, tentacle
spike 3, camouflage 1, gelatinous body 1
a: End Transformation


You were on level 2 of the Dungeon.
You were hungry.
One of your tentacles had a temporary spike.
You visited 1 branch of the dungeon, and saw 2 of its levels.

You collected 56 gold pieces.

Inventory:

Missiles
 a - 12 arrows
Jewellery
 j - a cursed ring of teleportation {unknown}
Scrolls
 b - a scroll of identify {unknown}
 e - a scroll of teleportation {unknown}
 f - a scroll of remove curse {unknown}
 g - a scroll of amnesia {unknown}
Potions
 k - a potion of haste {unknown}
Books
 A - a book of Changes

   Spells                             Type                      Level
   a - Beastly Appendage              Transmutation                1
   b - Sticks to Snakes               Transmutation                2
   c - Spider Form                    Transmutation/Poison         3
   d - Ice Form                       Ice/Transmutation            4
   e - Blade Hands                    Transmutation                5
Comestibles
 c - a bread ration
 d - 2 chunks of flesh


   Skills:
 + Level 1.7 Fighting
 - Level 2.0 Dodging
 - Level 3.0 Unarmed Combat
 - Level 2.0 Spellcasting
 - Level 3.1 Transmutations


You couldn't memorise any spells.
You knew the following spells:

 Your Spells              Type           Power        Failure   Level  Hunger
a - Beastly Appendage     Tmut           #.....       10%         1    ##.....
b - Sticks to Snakes      Tmut           #.......     12%         2    ###....
c - Spider Form           Tmut/Pois      #.........   38%         3    ####...


Dungeon Overview and Level Annotations

Branches:
Dungeon (2/15)

Altars:


Innate Abilities, Weirdness & Mutations

You cannot wear most types of armour.
You are very stealthy in the water.
You are amphibious.
You can wear up to eight rings at the same time.
You can use your tentacles to constrict eight enemies at once.
Your skin changes colour to match your surroundings (Stealth+).
Your rubbery body absorbs attacks. (AC +1, EV +1)
One of your tentacles bears a large vicious spike.


Message History

* * * LOW HITPOINT WARNING * * *
You feel sick. The adder bites you.
* * * LOW HITPOINT WARNING * * *
You are more poisoned.
The adder poisons you! The giant cockroach bites you.
* * * LOW HITPOINT WARNING * * *
You tentacle-slap the adder. Your grab misses the adder.
The adder is moderately wounded.
* * * LOW HITPOINT WARNING * * *
You feel sick. The adder barely misses you.
The giant cockroach barely misses you. The adder misses you.
It was a potion of degeneration.
There was something very wrong with that liquid.
You feel weakened.
You feel dopey.
You feel clumsy.
* * * LOW HITPOINT WARNING * * *
You feel sick. The giant cockroach closely misses you.
The adder closely misses you. The giant cockroach barely misses you.
It was a potion of agility.
You feel agile all of a sudden.
You die...

#.# #####.####
#........# #.###.##.#
#.# #.##.# #.###.##.#
##+# #.#...##.# ##..S##
#.#.####.# ##...s@##
#.#(# #.# #.......##
#...####.#
#.........####..<.....#
+.........'........####
#.........####...#.#
##.......## ##..#.#
##.....## #.#..#
##...## #..#.# ####
#..#.#


You could see an adder and a giant cockroach.

Vanquished Creatures
  A gnoll (D:1)
  A dart slug (D:1)
  A giant gecko (D:1)
  3 bats (D:1)
  2 goblins (D:1)
  3 hobgoblins (D:1)
  A kobold (D:1)
  5 rats (D:1)
17 creatures vanquished.

Notes
Turn   | Place    | Note
-------+----------+-------------------------------------------
     0 | D:1      | Lasiace the Octopode Transmuter began the quest for the Orb.
     0 | D:1      | Reached XP level 1. HP: 13/13 MP: 3/3
   279 | D:1      | Reached XP level 2. HP: 18/18 MP: 5/5
   747 | D:1      | Reached XP level 3. HP: 23/23 MP: 3/6
  1021 | D:2      | Learned a level 2 spell: Sticks to Snakes
  1025 | D:2      | Learned a level 3 spell: Spider Form
  1052 | D:2      | HP: 1/24 [poisoned by an adder]
  1053 | D:2      | Succumbed to an adder's poison

Vault maps used:
D:1:      lightli_arrival_boilingwater, serial_glass, glass_columns_b,
          glass_columns_c
D:2:      nicolae_tso_carved_into_rock

Skill      XL: |  1  2 |
---------------+-------+-----
Transmutations | 3 |  3.1
Fighting       | |  1.7
Dodging        | |  2.0
Unarmed Combat | |  3.0
Spellcasting   | |  2.0

Action                   || total
-------------------------++-------
Melee: Unarmed           ||    55
       Constrict         ||    13
       Tentacles         ||     5
       Kick              ||     2
 Cast: Beastly Appendage ||     6
  Use: Potion            ||     2
 Stab: Sleeping          ||     1
Armor: Skin              ||     6
Dodge: Dodged            ||    53
